 Dungeon Crawl Stone Soup version 0.17-a0-896-g249456b (webtiles) character file.

73 xeno23 the Ogre Mage (level 4, 0/45 HPs)
             Began as an Ogre Wizard on May 2, 2015.
             Succumbed to an adder's poison
             ... on level 2 of the Dungeon.
             The game lasted 00:06:43 (2371 turns).

xeno23 the Ogre Mage (Ogre Wizard)                  Turns: 2371, Time: 00:06:43

Health: 0/45       AC:  3    Str: 13    XL:     4   Next: 27%
Magic:  10/10      EV:  9    Int: 17    God:
Gold:   118        SH:  0    Dex:  8    Spells: 5 memorised, 1 level left

rFire  . . .     SeeInvis .     e - +0 dagger
rCold  . . .     Clarity  +     a - +0 robe
rNeg   . . .     SustAb   .     (no shield)
rPois  .         Gourm    .     b - +0 hat
rElec  .         Spirit   .     (no cloak)
rCorr  .         Warding  .     (gloves unavailable)
rMut   .         Stasis   .     (boots unavailable)
MR     .....                    o - amulet of clarity
Stlth  +.........               (no ring)
                                (no ring)

@: lethally poisoned (0 -> -9), repel missiles, not resistant to hostile
enchantments, very unstealthy
A: unfitting armour, tough skin 1
a: no special abilities


You were on level 2 of the Dungeon.
You were not hungry.

You visited 1 branch of the dungeon, and saw 2 of its levels.

You collected 118 gold pieces.

Inventory:

Hand weapons
 e - a +0 dagger (weapon)
Armour
 a - a +0 robe (worn)
 b - a +0 hat (worn)
Jewellery
 o - an amulet of clarity (around neck)
Scrolls
 f - a scroll of enchant armour {unknown}
 i - a scroll of remove curse {unknown}
 k - a scroll of magic mapping {unknown}
Potions
 h - a potion of agility {unknown}
 l - a potion of might {unknown}
 m - a potion of degeneration {unknown}
Books
 c - a book of Minor Magic

   Spells                             Type                      Level
   a - Magic Dart                     Conjuration                  1
   b - Blink                          Translocation                2
   c - Call Imp                       Summoning                    2
   d - Repel Missiles                 Charms/Air                   2
   e - Slow                           Hexes                        2
   f - Conjure Flame                  Conjuration/Fire             3
   g - Mephitic Cloud                 Conjuration/Poison/Air       3
Comestibles
 d - 2 bread rations
 g - 2 slices of pizza
 j - 2 beef jerkies
 p - a meat ration


   Skills:
 + Level 3.3 Fighting
 - Level 1.7 Dodging
 - Level 1.7 Stealth
 - Level 4.0 Spellcasting
 * Level 1.2 Conjurations
 - Level 0.6 Summonings
 * Level 0.8 Translocations
 + Level 0.5 Air Magic


You had one spell level left.
You knew the following spells:

 Your Spells              Type           Power        Failure   Level  Hunger
a - Magic Dart            Conj           #...         12%         1    None
b - Blink                 Tloc           N/A          21%         2    ##.....
c - Call Imp              Summ           #.......     21%         2    ##.....
d - Mephitic Cloud        Conj/Pois/Air  #.......     38%         3    ###....
r - Repel Missiles        Chrm/Air       #.....       24%         2    ##.....


Dungeon Overview and Level Annotations

Branches:
Dungeon (2/15)

Altars:
Fedhas


Innate Abilities, Weirdness & Mutations

You are too large for most types of armour.
You have tough skin (AC +1).


Message History

You hit the adder but do no damage.
The adder is almost dead.
* * * LOW HITPOINT WARNING * * *
You feel sick. The adder bites you.
* * * LOW HITPOINT WARNING * * *
The adder barely misses you.
You hit the adder.
You kill the adder!
* * * LOW HITPOINT WARNING * * *
You feel sick.
* * * LOW HITPOINT WARNING * * *
You feel sick.
* * * LOW HITPOINT WARNING * * *
You feel sick.
Found a plate armour and a scroll labeled UNUMMO ITRIO.
Found a stone staircase leading up.
* * * LOW HITPOINT WARNING * * *
You feel sick.
Found a stone staircase leading down.
You die...

#........).#.# #
#)# ##.#
............# . #..
. #.........#.# .#
.(. #..#.#......##
#.# #.#
#..#.#.......###.#
#.......#####...#
####.#########.####
####.....##<......#
.....###.##[....@.#
###.[# #.##.......#
# #### ######.....#
# #.....# # #.....#
# #?....# #
>#.###.# # ## .# ##
.


There were no monsters in sight!

Vanquished Creatures
  4 adders (D:2)
  A worm (D:2)
  A giant gecko (D:1)
  3 bats
  A giant cockroach (D:1)
  3 hobgoblins
  2 jackals (D:1)
  A quokka (D:2)
  4 giant newts
  4 goblins (D:1)
  5 kobolds
  5 rats
34 creatures vanquished.

Vanquished Creatures (collateral kills)
  A worm (D:2)
1 creature vanquished.

Grand Total: 35 creatures vanquished

Notes
Turn   | Place    | Note
--------------------------------------------------------------
     0 | D:1      | xeno23, the Ogre Wizard, began the quest for the Orb.
     0 | D:1      | Reached XP level 1. HP: 16/16 MP: 5/5
   153 | D:1      | Reached skill level 4 in Spellcasting
   172 | D:1      | Reached XP level 2. HP: 7/26 MP: 0/7
   190 | D:1      | Learned a level 2 spell: Blink
   193 | D:1      | Learned a level 2 spell: Call Imp
   196 | D:1      | Learned a level 2 spell: Repel Missiles
   359 | D:1      | Reached skill level 1 in Fighting
   515 | D:1      | HP: 1/27 [jackal (3)]
  1307 | D:1      | Reached XP level 3. HP: 36/36 MP: 8/8
  1315 | D:1      | Learned a level 3 spell: Mephitic Cloud
  1717 | D:2      | Found a blossoming altar of Fedhas.
  1767 | D:2      | Reached skill level 1 in Conjurations
  1767 | D:2      | Reached XP level 4. HP: 15/45 MP: 0/10
  2369 | D:2      | HP: 2/45 [poisoned by an adder]
  2371 | D:2      | Succumbed to an adder's poison

Action                   |  1- 3 |  4- 6 || total
-------------------------+-------+-------++-------
Melee: Unarmed           |    16 |       ||    16
       Dagger            |   146 |    46 ||   192
 Cast: Magic Dart        |    46 |     5 ||    51
       Repel Missiles    |     1 |       ||     1
       Call Imp          |       |     2 ||     2
  Eat: Chunk             |     3 |     2 ||     5
